cohdb
Replays
Latest Replays
All Replays
Popular Replays
Top Player Replays
Match Explorer
How It Works
Community
CoH3 Stats
Reddit
Sign in to upload your games and track your stats! →
Sign in with Steam
Match 41794236
Unlisted
Match 41794236
Overview
Messages
Build Orders
End
Royal Engineer Section
Construct Section Command Post
Infantry Section
Infantry Section
Infantry Section
Selects Canadian Shock Battlegroup
Selects Attacking Spirit
Construct Platoon Command Post
Selects Canadian Shock Section
Humber Armored Car
Grenade Package
Selects Incendiary Munitions
Infantry Training
Selects Pyrotechnics
6-pounder Anti-tank Gun Team
calinandreiion
(502) Bad Gateway
0
0
Comments
sign in to comment!
No comments posted yet!